 Dungeon Crawl Stone Soup version 0.29-a0-919-gd064cfad1c (webtiles) character file.

Game seed: 6878515650873442180

3638 quixfox the Geomancer (level 10, -2/50 HPs)
             Began as a Gargoyle Earth Elementalist on July 27, 2022.
             Was an Initiate of Vehumet.
             Slain by a centaur warrior
             ... wielding a +3 glaive of flaming
              (19 damage)
             ... on level 7 of the Dungeon.
             The game lasted 00:16:09 (8560 turns).

quixfox the Geomancer (Gargoyle Earth Elementalist) Turns: 8560, Time: 00:16:10

Health: -2/50      AC: 14    Str: 18    XL:     10   Next: 12%
Magic:  17/20      EV: 11    Int: 20    God:    Vehumet [......]
Gold:   305        SH:  0    Dex: 10    Spells: 17/23 levels left

rFire   . . .      SeeInvis .   r - +7 club
rCold   . . .      Faith    .   (no shield)
rNeg    + . .      Spirit   .   j - +2 robe {Archmagi}
rPois   ∞          Reflect  .   s - +0 helmet
rElec   +          Harm     .   e - +0 cloak
rCorr   .          Rampage  .   A - +0 pair of gloves
Will    .....      Archmagi +   (no boots)
Stlth   ++........              a - amulet of the acrobat
HPRegen 0.16/turn               u - +6 ring of strength
MPRegen 0.17/turn               (no ring)

@: no status effects
A: sickness immunity, AC +7, negative energy resistance 1, electricity
resistance, torment resistance 1, petrification resistance
a: Renounce Religion


You were on level 7 of the Dungeon.
You worshipped Vehumet.
Vehumet was noncommittal.
You visited 2 branches of the dungeon, and saw 8 of its levels.

You collected 305 gold pieces.

Inventory:

Hand Weapons
 r - a +7 club (weapon)
Missiles
 n - 2 throwing nets
Armour
 e - a +0 cloak (worn)
 j - a +2 robe of the Archmagi (worn)
 s - a +0 helmet (worn)
 A - a +0 pair of gloves (worn)
Jewellery
 a - an amulet of the acrobat (around neck)
 u - a +6 ring of strength (left hand)
 v - a ring of fire
Wands
 h - a wand of polymorph (9)
 p - a wand of flame (15)
 q - a wand of roots (6)
Scrolls
 c - 6 scrolls of teleportation
 g - a scroll of fog
 z - a scroll of blinking
Potions
 b - a potion of magic
 d - a potion of lignification {unknown}
 f - a potion of brilliance
 i - a potion of heal wounds
 k - 3 potions of mutation
 l - 3 potions of might
 m - 5 potions of curing
 o - a potion of flight {unknown}
 t - a potion of cancellation {unknown}
 x - 5 potions of haste


   Skills:
 - Level 1.5 Dodging
 - Level 2.1 Stealth
 + Level 7.1 Spellcasting
 + Level 7.7 Conjurations
 - Level 0.7 Transmutations
 + Level 9.7 Earth Magic
 + Level 5.5 Evocations


You had 17 spell levels left.
You knew the following spells:

 Your Spells              Type           Power      Damage    Failure   Level
a - Sandblast             Erth           100%       2d20      1%          1
b - Passwall              Tmut/Erth      34%        N/A       1%          2
c - Stone Arrow           Conj/Erth      100%       3d13      1%          3

Your spell library contained the following spells:

 Spells                   Type           Power      Damage    Failure   Level
 Magic Dart               Conj           100%       1d8       1%          1
 Apportation              Tloc           20%        N/A       10%         1
 Necrotise                Necr           40%        1d6       10%         1
 Summon Small Mammal      Summ           40%        N/A       10%         1
 Petrify                  Tmut/Erth      41%        N/A       11%         4
 Ensorcelled Hibernation  Hex/Ice        20%        N/A       14%         2
 Ozocubu's Armour         Ice            10%        N/A       28%         3


Dungeon Overview and Level Annotations

Branches:
Dungeon (7/15)             Temple (1/1) D:5

Altars:
Elyvilon
Gozag
Kikubaaqudgha
Makhleb
Qazlal
Trog
Uskayaw
Vehumet
Xom
The Shining One

Shops:
D:5 :

Annotations:
D:4 2 transporters, snetch's ghost, amateur DjFE


Innate Abilities, Weirdness & Mutations

You are immune to sickness and miasma.
Your stone body is resilient. (AC +7)
You are immune to poison.
You resist negative energy. (rN+)
You are resistant to electric shocks. (rElec)
You are resistant to unholy torment.
You are immune to petrification.


Message History

The centaur warrior is severely wounded.
The centaur warrior hits you with a +3 glaive of flaming.
The centaur warrior burns you.
The centaur warrior kicks you but does no damage.
The centaur warrior hits you but does no damage.
The centaur warrior kicks you but does no damage.
The centaur warrior hits you with a +3 glaive of flaming.
The centaur warrior burns you.
The centaur warrior completely misses you.
The centaur warrior hits you with a +3 glaive of flaming!
* * * LOW HITPOINT WARNING * * *
The centaur warrior burns you.
* * * LOW HITPOINT WARNING * * *
The centaur warrior kicks you but does no damage.
You feel much better. The centaur warrior closely misses you.
The centaur warrior kicks you but does no damage.
The centaur warrior hits you with a +3 glaive of flaming.
The centaur warrior burns you. The centaur warrior kicks you.
The centaur warrior hits you with a +3 glaive of flaming.
The centaur warrior burns you.
* * * LOW HITPOINT WARNING * * *
The centaur warrior barely misses you.
You feel much better. The centaur warrior barely misses you.
The centaur warrior kicks you.
The centaur warrior hits you but does no damage.
The centaur warrior kicks you but does no damage.
Aiming: Sandblast (safe; 1% risk of failure)
Press: ? - help, Q - select action, (/) - cycle Shift-Dir - straight line, f/p - centaur warrior
Aim: a centaur warrior, wielding a +3 glaive of flaming (severely wounded, fast, 89% to hit)
You feel a surge of power!
The blast of sand hits the centaur warrior.
The centaur warrior is almost dead.
The centaur warrior closely misses you.
The centaur warrior kicks you but does no damage.
The centaur warrior barely misses you.
The centaur warrior kicks you but does no damage.
The centaur warrior hits you with a +3 glaive of flaming!!
The centaur warrior burns you. The centaur warrior barely misses you.
The centaur warrior hits you with a +3 glaive of flaming!!
You die...

..##.# #<............#.#####.##.
...#.# ##....................##.
.....## #.)#.#.#.###..######.##.
......# #..#.#.#.# #..# #....
......####..#.<...###..# #.##.
..........>............### #.##.
...##.####...###..####...# #.##.
...........#.###..##...#.####.#..
#..##g..C.......@c..)............
#..###############.############..
#..######.# ♣♣♣♣(..♣♣♣♣ #....
..........#♣.♣.♣.≈≈[.♣.♣. #.###
..........#......≈≈≈..... #.#
.##.#######♣.♣.♣.≈≈≈.♣.♣. #.#
.##C# ♣♣♣♣...♣♣♣♣ #.# #
.##g####### ##.## ##### #
....#.♣.♣.# ♣♣..♣♣ #...♣ #


You could see a centaur warrior (fast).

Vanquished Creatures
  A cyclops (D:7)
  A troll (D:7)
  Sigmund (D:2)
  A wyvern (D:5)
  Eustachio (D:4)
  Duvessa (D:5)
  4 water moccasins
  2 black bears
  3 ice beasts
  A centaur (D:7)
  2 ogres
  Blork the orc (D:6)
  A kobold brigand (D:6)
  A bullfrog (D:7)
  A scorpion (D:4)
  Dowan (D:5)
  5 wights (D:7)
  A howler monkey (D:4)
  A crimson imp (D:4)
  3 hounds
  3 orc priests
  2 jellies (D:7)
  Jessica (D:2)
  Natasha (thrice) (D:2)
  A gnoll bouda (D:7)
  2 iguanas (D:7)
  2 orc wizards
  Robin (D:4)
  7 gnolls
  10 adders
  A shadow imp (D:7)
  2 white imps
  An ufetubus (D:5)
  3 worms
  A dart slug (D:1)
  16 orcs
  8 ball pythons
  6 endoplasms
  A giant cockroach (D:1)
  13 hobgoblins
  7 kobolds
  8 quokkas
  3 bats
  7 frilled lizards
  15 goblins
  3 rats
160 creatures vanquished.

Notes
Turn   | Place    | Note
-------+----------+-------------------------------------------
     0 | D:1      | quixfox the Gargoyle Earth Elementalist began the quest for
                  | the Orb.
     0 | D:1      | Reached XP level 1. HP: 10/10 MP: 3/3
   159 | D:1      | Reached XP level 2. HP: 15/15 MP: 3/5
   184 | D:1      | Reached skill level 4 in Earth Magic
   210 | D:1      | Found a faded altar of an unknown god.
   582 | D:1      | Reached XP level 3. HP: 19/19 MP: 4/6
   586 | D:1      | Learned a level 2 spell: Passwall
   590 | D:1      | Learned a level 3 spell: Stone Arrow
  1484 | D:2      | Noticed Sigmund
  1489 | D:2      | Killed Sigmund
  1490 | D:2      | Reached skill level 5 in Earth Magic
  1490 | D:2      | Reached XP level 4. HP: 23/24 MP: 3/9
  1490 | D:2      | Reached XP level 5. HP: 27/28 MP: 3/10
  1586 | D:2      | Noticed Natasha
  1593 | D:2      | Killed Natasha
  1594 | D:2      | Reached XP level 6. HP: 22/32 MP: 6/11
  1827 | D:2      | Noticed Natasha
  1836 | D:2      | Killed Natasha
  1871 | D:2      | Noticed Natasha
  1874 | D:2      | Killed Natasha
  2302 | D:2      | Noticed Jessica
  2307 | D:2      | Killed Jessica
  2529 | D:3      | Reached skill level 6 in Earth Magic
  3075 | D:3      | Got Syeluh's Excursus on Frostbite
  3287 | D:3      | Reached XP level 7. HP: 19/36 MP: 8/13
  3780 | D:4      | Noticed Robin
  3799 | D:4      | Killed Robin
  4126 | D:4      | Noticed Eustachio
  4137 | D:4      | Killed Eustachio
  4138 | D:4      | Reached skill level 1 in Evocations
  4461 | D:4      | Found a transporter.
  4525 | D:4      | Found a transporter.
  4552 | D:4      | Noticed snetch's ghost (amateur DjFE)
  4813 | D:4      | Found a shimmering altar of Xom.
  4813 | D:4      | Found a burning altar of Makhleb.
  4916 | D:4      | Reached XP level 8. HP: 38/41 MP: 11/15
  5012 | D:5      | Entered Level 5 of the Dungeon
  5015 | D:5      | Reached skill level 7 in Earth Magic
  5237 | D:5      | Noticed a wyvern
  5245 | D:5      | Killed a wyvern
  5246 | D:5      | Reached skill level 5 in Spellcasting
  5246 | D:5      | Reached skill level 5 in Conjurations
  5640 | D:5      | Noticed Dowan
  5658 | D:5      | Noticed Duvessa
  5666 | D:5      | Killed Duvessa
  5670 | D:5      | Killed Dowan
  6025 | D:5      | Found Ossi's Book Boutique.
  6137 | D:5      | Found a staircase to the Ecumenical Temple.
  6143 | Temple   | Entered the Ecumenical Temple
  6205 | Temple   | Became a worshipper of Vehumet
  6350 | D:5      | Found a glowing golden altar of the Shining One.
  6769 | D:6      | Noticed Blork the orc
  6771 | D:6      | Killed Blork the orc
  6958 | D:6      | Reached skill level 8 in Earth Magic
  7188 | D:6      | Found an ancient bone altar of Kikubaaqudgha.
  7198 | D:6      | Reached XP level 9. HP: 41/45 MP: 14/17
  7921 | D:7      | Reached skill level 9 in Earth Magic
  8142 | D:7      | Noticed a komodo dragon
  8142 | D:7      | Noticed a cyclops
  8143 | D:7      | Noticed a troll
  8155 | D:7      | Killed a troll
  8155 | D:7      | Reached * piety under Vehumet
  8155 | D:7      | Offered knowledge of Magic Dart by Vehumet.
  8156 | D:7      | Reached skill level 5 in Evocations
  8183 | D:7      | Reached XP level 10. HP: 8/50 MP: 16/20
  8463 | D:7      | Killed a cyclops
  8541 | D:7      | Noticed a centaur warrior
  8560 | D:7      | Slain by a centaur warrior

Illustrated notes

Levels and vault maps discovered:
D:1:      dpeg_arrival_fog, layout_basic, hellmonk_ecumenical_altar_zigzags
D:2:      layout_basic, hangedman_abyss_or_decor_lesser_grid,
          minmay_misc_feat_rows, minmay_misc_feat_room, hangedman_decor_push,
          kennysheep_small_spiral, uniq_sigmund, uniq_jessica, uniq_natasha
D:3:      layout_loops_ring, kennysheep_cross_bottleneck, kennysheep_nondescript
D:4:      minmay_chambers_of_fours, layout_cave_pools,
          grunt_temple_overflow_champion_of_chaos, gammafunk_ghost_stat_death,
          dk_noncrumbling_3, hangedman_abyss_or_decor_stabs,
          nicolae_concentric_dashed_squares_wild, uniq_robin, uniq_eustachio
D:5:      layout_layer_cave, tso_metal_star, minmay_temple_entry_fiery,
          serial_shops, nicolae_shop_hallway_stairs, hangedman_decor_opposing,
          uniq_duvessa
D:6:      layout_basic, mainiacjoe_overflow_paths, minmay_misc_feat_tower,
          uniq_blork_the_orc
D:7:      nzn_winding_woodlands_cross [nzn_winding_woodlands_5x15_split_checker,
          nzn_winding_woodlands_5x15_parted, nzn_winding_woodlands_5x15_pool,
          nzn_winding_woodlands_5x15_sidewinder,
          nzn_winding_woodlands_15x15_thick_spiral], layout_loops_ring
Temple:   nicolae_temple_slightly_damp_pantheon

Skill      XL: |  1  2  3  4  5  6  7  8  9 10 |
---------------+-------------------------------+-----
Earth Magic    | 4 5 6 8 9 |  9.7
Spellcasting   | 3 4 5 6 7 |  7.1
Conjurations   | 2 3 4 6 7 |  7.7
Evocations     | 2 3 5 |  5.5
Dodging        | |  1.5
Stealth        | |  2.1
Transmutations | |  0.7

Action                   |  1- 3 |  4- 6 |  7- 9 | 10-12 || total
-------------------------+-------+-------+-------+-------++-------
Melee: Club              |       |       |     7 |       ||     7
 Cast: Sandblast         |    45 |    60 |   161 |    13 ||   279
Evoke: Wand              |       |       |     3 |       ||     3
  Use: Scroll            |       |     5 |    13 |       ||    18
       Potion            |       |       |       |     2 ||     2
Armor: Robe              |     1 |     8 |    83 |    18 ||   110
Dodge: Dodged            |     7 |    10 |   129 |    11 ||   157

Table legend: (Time is in decaauts)
 A = Elapsed time spent in this place.
 B = Non-inter-level travel time spent in this place.
 C = Inter-level travel time spent in this place.
 D = Time resting spent in this place.
 E = Time spent auto-exploring this place.
 F = Levels seen in this place.
 G = Mean time per level.
                   A        B        C        D        E       F      G
               +--------+--------+--------+--------+--------+-----+--------+
         Total |   8843 |   8656 |    187 |   1172 |   6279 |   8 | 1105.4 |
       Dungeon |   8761 |   8574 |    187 |   1172 |   6226 |   7 | 1251.6 |
        Temple |     81 |     81 |      0 |      0 |     53 |   1 |   81.0 |
               +--------+--------+--------+--------+--------+-----+--------+

Top non-repeatable levels by time:
     D:5: 1728 daAuts
     D:2: 1510 daAuts
     D:3: 1306 daAuts
     D:4: 1290 daAuts
     D:1: 1073 daAuts
     D:6: 1015 daAuts
     D:7: 837 daAuts
  Temple: 81 daAuts
